 Dungeon Crawl Stone Soup version 0.31-a0-675-g238779eb0a (webtiles) character file.

Game seed: 2797795177253318674

4928 Xavori the Covert (level 10, -4/67 HPs)
             Began as an Octopode Chaos Knight on Sept 5, 2023.
             Was a Plaything of Xom.
             Slain by a komodo dragon (19 damage)
             ... on level 10 of the Dungeon.
             The game lasted 00:11:59 (18269 turns).

Xavori the Covert (Octopode Chaos Knight)          Turns: 18269, Time: 00:11:59

Health: -4/67      AC:  8    Str:  8    XL:     10   Next: 52%
Magic:  0/24       EV: 16    Int: 12    God:    Xom [......]
Gold:   1633       SH:  5    Dex: 20    Spells: 12/15 levels left

rFire   . . .        o - +3 dagger (venom)
rCold   + . .        s - +0 buckler
rNeg    + . .        y - melded +1 hat of the Flute {Fly rN+ Will-}
rPois   .            v - amulet of guardian spirit
rElec   .            r - +4 ring of protection
rCorr   .            u - ring of magical power
SInv    .            e - ring of positive energy
Will    .....        (no ring)
Stlth   ++++++       (no ring)
HPRegen 0.31/turn    (no ring)
MPRegen 0.19/turn    (no ring)
                     (no ring)

%: clarity, guardian spirit
@: beast-form, very slightly contaminated
A: beast (slay +1), almost no armour, amphibious, 8 rings, camouflage 1,
gelatinous body 1, (nimble swimmer 1), tentacles, tentacle spike 1, iridescent
scales 1, agile 1, clarity, cold resistance 1, deterioration 1, dopey 1, shaggy
fur 1, weak 1, MP-powered wands
a: Begin Untransformation, Renounce Religion


You were on level 10 of the Dungeon.
You worshipped Xom.
You were a very special plaything of Xom.
You were a hulking beast.
You visited 1 branch of the dungeon, and saw 10 of its levels.

You collected 1633 gold pieces.

Inventory:

Hand Weapons
 a - a +0 short sword of chaos
 o - a +3 dagger of venom (weapon)
Missiles
 t - 5 throwing nets
Armour
 s - a +0 buckler (worn)
 y - the +1 hat of the Flute (melded) {Fly rN+ Will-}
   (You acquired it on level 9 of the Dungeon)

   rN+:       It protects you from negative energy.
   Will-:     It decreases your willpower.
   Fly:       It grants you flight.
Jewellery
 e - a ring of positive energy (on tentacle)
 r - a +4 ring of protection (left tentacle)
 u - a ring of magical power (right tentacle)
 v - an amulet of guardian spirit (around mantle)
 B - a ring of flight
 D - an amulet of faith
 J - an amulet of the acrobat
 K - an amulet of reflection
Talismans
 A - a beast talisman (active)
Wands
 k - a wand of iceblast (15)
 n - a wand of flame (7)
 C - a wand of mindburst (29)
Scrolls
 b - a scroll of butterflies
 c - a scroll of noise {unknown}
 h - a scroll of revelation
 l - a scroll of enchant armour
 m - 5 scrolls of teleportation
 p - a scroll of immolation {unknown}
 E - a scroll of enchant weapon
 H - a scroll of poison
 I - 2 scrolls of fog
Potions
 d - a potion of berserk rage {unknown}
 f - 8 potions of curing {unknown}
 g - 2 potions of magic {unknown}
 i - a potion of mutation {unknown}
 j - 2 potions of heal wounds
 q - a potion of lignification {unknown}
 w - a potion of might {unknown}
 x - a potion of attraction {unknown}
 z - a potion of ambrosia {unknown}
 F - 2 potions of enlightenment {unknown}


   Skills:
 + Level 5.6 Fighting
 + Level 7.2 Short Blades
 + Level 6.0 Dodging
 + Level 11.3 Stealth
 + Level 1.9 Shields
 - Level 3.3 Spellcasting
 * Level 5.8 Hexes
 * Level 2.6 Evocations
 * Level 1.8 Shapeshifting


You had 12 spell levels left.
You knew the following spells:

 Your Spells              Type           Power      Damage    Failure   Level
a - Confusing Touch       Hex            15%        N/A       11%         3

Your spell library contained the following spells:

 Spells                   Type           Power      Damage    Failure   Level
 Slow                     Hex            60%        N/A       3%          1
 Tukima's Dance           Hex            15%        N/A       11%         3
 Portal Projectile        Hex/Tloc       16%        N/A       34%         3
 Blink                    Tloc           4%         N/A       50%         2
 Cigotuvi's Dreadful Rot  Necr/Pois/Air  4%         N/A       50%         2
 Lesser Beckoning         Tloc           4%         N/A       50%         2
 Momentum Strike          Conj/Tloc      4%         3d8       50%         2
 Frozen Ramparts          Ice            4%         1d1       73%         3
 Gell's Gravitas          Tloc           2%         N/A       73%         3
 Teleport Other           Tloc           2%         N/A       73%         3
 Vampiric Draining        Necr           2%         2d6       73%         3
 Volatile Blastmotes      Fire/Tloc      4%         2d10      73%         3
 Fulminant Prism          Conj/Hex       4%         3d5       75%         4
 Metabolic Englaciation   Hex/Ice        4%         N/A       97%         5
 Iskenderun's Mystic Bla  Conj/Tloc      2%         2d3       98%         4
 Petrify                  Tmut/Erth      2%         N/A       98%         4
 Summon Ice Beast         Ice/Summ       2%         N/A       98%         4
 Alistair's Intoxication  Tmut/Pois      1%         N/A       100%        5
 Malign Gateway           Summ/Tloc      1%         N/A       100%        7


Dungeon Overview and Level Annotations

Branches:
Dungeon (10/15)            Temple (0/1) D:6            Lair (0/5) D:10
    Orc: D:9-12

Altars:
Cheibriados
Dithmenos
Elyvilon
Gozag
Hepliaklqana
Kikubaaqudgha
Okawaru
Trog
Wu Jian
Xom
Yredelemnul

Shops:
D:1 :


Innate Abilities, Weirdness & Mutations

You are a hulking beast.
Your limbs bulge with bestial killing power. (Slay +1)
You cannot wear most types of armour.
You are amphibious.
You can wear up to eight rings at the same time.
Your skin changes colour to match your surroundings (Stealth+).
Your rubbery body absorbs attacks. (AC +1, EV +1)
((You are camouflaged when in or above water. (Stealth+)))
You have tentacles for arms and can constrict up to eight enemies at once.
One of your tentacles bears a spike.
You are partially covered in iridescent scales. (AC +2)
You are agile. (Dex +4, Str/Int -1)
You possess an exceptional clarity of mind.
Your flesh is cold resistant. (rC+)
Your body sometimes deteriorates upon taking damage.
You are dopey. (Int -2)
You are covered in fur. (AC +1)
You are weak. (Str -2)
You expend magic power (3 MP) to strengthen your wands.


Message History

The komodo dragon bites you!!
* * * LOW HITPOINT WARNING * * *
You emit a cloud of colourful smoke!
You hit the cyclops.
The cyclops is poisoned.
You pierce the cyclops, but do no damage.
The cyclops is heavily wounded.
You hit the cyclops.
The cyclops looks as sick as possible!
You pierce the cyclops, but do no damage.
You squeeze the cyclops, but do no damage.
The cyclops is heavily wounded.
The komodo dragon bites you.
* * * LOW HITPOINT WARNING * * *
The cyclops closely misses you.
You hit the cyclops.
The cyclops looks as sick as possible!
You squeeze the cyclops.
The cyclops is heavily wounded.
The komodo dragon misses you.
You hit the cyclops but do no damage.
You pierce the cyclops, but do no damage.
The cyclops is severely wounded.
The cyclops misses you.
You feel much better. The komodo dragon closely misses you.
You hit the cyclops.
The cyclops looks as sick as possible!
Your tentacle spike misses the cyclops.
You squeeze the cyclops, but do no damage.
The cyclops is severely wounded.
The komodo dragon bites you but does no damage.
The cyclops hits you!!
* * * LOW HITPOINT WARNING * * *
You hit the plant.
The plant begins to die.
You grab the plant. You squeeze the plant.
The plant is lightly damaged.
You constrict the plant, but do no damage.
The komodo dragon closely misses you.
Casting: Confusing Touch (dangerous; 11% risk of failure)
Confirm with . or Enter, or press ? or * to list all spells.
You miscast Confusing Touch.
Nothing appears to happen.
You constrict the plant. The komodo dragon bites you!!
You die...
Xom laughs nastily! ####### ##PPPPP## #PPPPPP.# . #P...PP.###.# #P.§§PPP....# #PPClPP...#

#PPhP.....#
#PPPPP...##
#P.PPP...#
#P.PP...##
#PP.....####
##P...?##..#
.###...####<#
.......P....#
..#.....#####


You could see a cyclops (extremely poisoned) and a komodo dragon.

Vanquished Creatures
  Maggie (D:8)
  A kobold demonologist (D:6)
  A troll (D:9)
  Grinder (D:5)
  2 humans (D:7)
  A basilisk (D:8)
  A steam dragon (D:8)
  A water moccasin (D:7)
  An acid dragon (D:9)
  3 black bears
  A wolf (D:5)
  A centaur (D:6)
  A phantom (D:7)
  2 kobold brigands
  Blork the orc (D:6)
  2 gnoll sergeants (D:5)
  4 bullfrogs
  5 scorpions
  6 wights
  A killer bee (D:6)
  An electric eel (D:6)
  A howler monkey (D:5)
  15 hounds
  2 jellies
  3 gnoll boudas
  2 iguanas (D:5)
  32 gnolls
  12 adders
  2 white imps
  4 worms
  3 dart slugs
  6 orcs
  10 ball pythons
  5 bats
  8 endoplasms
  6 giant cockroaches
  8 goblins
  7 hobgoblins
  6 jackals (D:5)
  6 quokkas
  7 frilled lizards
  A giant cockroach zombie (D:3)
  13 kobolds
  A quokka zombie (D:3)
  9 rats
207 creatures vanquished.

Vanquished Creatures (collateral kills)
  An ogre (D:5)
  A scorpion (D:4)
  2 gnolls (D:5)
  An adder (D:5)
  An orc (D:5)
6 creatures vanquished.

Vanquished Creatures (others)
  A gnoll sergeant (D:5)
1 creature vanquished.

Grand Total: 214 creatures vanquished

Notes
Turn   | Place    | Note
-------+----------+-------------------------------------------
     0 | D:1      | Xavori the Octopode Chaos Knight began the quest for the
                  | Orb.
     0 | D:1      | Reached XP level 1. HP: 16/16 MP: 1/1
    60 | D:1      | Reached XP level 2. HP: 16/21 MP: 2/2
   118 | D:1      | Found Afro's Book Emporium.
   411 | D:1      | Reached XP level 3. HP: 19/26 MP: 3/3
   536 | D:1      | XOM: divination: detect creatures
   896 | D:1      | XOM: noise
  2215 | D:1      | XOM: torment (14/26 hp)
  2266 | D:1      | XOM: give mutations
  2266 | D:1      | Gained mutation: Your spells are a little harder to cast,
                  | but a little more powerful. [Xom's mischief]
  2266 | D:1      | Gained mutation: You occasionally lose the ability to drink
                  | potions when taking damage. [Xom's mischief]
  2308 | D:1      | XOM: scenery: summon butterflies
  2310 | D:1      | XOM: give mutations
  2310 | D:1      | Gained mutation: You are partially covered in iridescent
                  | scales. (AC +2) [Xom's mischief]
  2310 | D:1      | Gained mutation: You are weak. (Str -2) [Xom's mischief]
  2310 | D:1      | Lost mutation: You are partially covered in iridescent
                  | scales. (AC +2) [Xom's mischief]
  2524 | D:1      | XOM: scenery: create altars
  2756 | D:1      | XOM: give mutations
  2756 | D:1      | Gained mutation: Your magical capacity is low. (-10% MP)
                  | [Xom's mischief]
  2756 | D:1      | Lost mutation: You are weak. (Str -2) [Xom's mischief]
  2756 | D:1      | Gained mutation: You sometimes lose your temper in combat.
                  | [Xom's mischief]
  3177 | D:1      | XOM: give mutations
  3177 | D:1      | Lost mutation: Your magical capacity is low. (-10% MP)
                  | [Xom's mischief]
  3177 | D:1      | Gained mutation: You are partially covered in iridescent
                  | scales. (AC +2) [Xom's mischief]
  3305 | D:1      | XOM is BORED!
  3305 | D:1      | XOM: give mutation
  3305 | D:1      | Gained mutation: Your body sometimes deteriorates upon
                  | taking damage. [Xom's mischief]
  3549 | D:1      | XOM: give mutations
  3549 | D:1      | Lost mutation: Your spells are a little harder to cast, but
                  | a little more powerful. [Xom's mischief]
  3549 | D:1      | Gained mutation: Your spells are a little harder to cast,
                  | but a little more powerful. [Xom's mischief]
  3549 | D:1      | Gained mutation: You are agile. (Dex +4, Str/Int -1) [Xom's
                  | mischief]
  3555 | D:1      | XOM: summons 2 hostile shadow creatures
  3658 | D:1      | XOM: torment (14/26 hp)
  3978 | D:1      | XOM: stat loss: -1 Dex (16/17)
  4711 | D:1      | XOM: silly message
  5045 | D:1      | XOM: give mutation
  5045 | D:1      | Lost mutation: You are partially covered in iridescent
                  | scales. (AC +2) [Xom's mischief]
  6808 | D:1      | XOM: noise
  7797 | D:1      | XOM is BORED!
  7797 | D:1      | XOM: give mutation
  7797 | D:1      | Gained mutation: Potions are less effective at restoring
                  | your health. [Xom's mischief]
  7938 | D:1      | XOM: god gift: 821 gold pieces
  8243 | D:1      | XOM: god gift: 39 gold pieces
  8513 | D:1      | XOM: scenery: summon butterflies
  8666 | D:1      | XOM: scenery: summon butterflies
  8671 | D:1      | XOM: divination: magic mapping
  9111 | D:1      | XOM: give mutations
  9111 | D:1      | Gained mutation: Your spells are harder to cast, but more
                  | powerful. [Xom's grace]
  9111 | D:1      | Gained mutation: Your flesh is cold resistant. (rC+) [Xom's
                  | grace]
  9111 | D:1      | Lost mutation: You sometimes lose your temper in combat.
                  | [Xom's grace]
  9671 | D:1      | XOM: scenery: summon butterflies
  9874 | D:2      | Reached skill level 1 in Stealth
 10062 | D:2      | Reached skill level 2 in Stealth
 10062 | D:2      | Reached XP level 4. HP: 21/31 MP: 4/4
 10096 | D:2      | XOM: god gift: book of Sloth
 10236 | D:2      | XOM: cloud trail
 10242 | D:2      | XOM: scenery: create altars
 10420 | D:2      | Learned a level 3 spell: Confusing Touch
 10454 | D:2      | XOM: give mutations
 10454 | D:2      | Lost mutation: You occasionally lose the ability to drink
                  | potions when taking damage. [Xom's mischief]
 10454 | D:2      | Gained mutation: You are covered in fur. (AC +1) [Xom's
                  | mischief]
 10454 | D:2      | Gained mutation: You have hidden genetic defects. [Xom's
                  | mischief]
 10577 | D:2      | XOM: god gift: silver javelin
 10955 | D:3      | Reached skill level 3 in Stealth
 11000 | D:3      | Reached XP level 5. HP: 33/36 MP: 5/5
 11006 | D:3      | Gained mutation: You are weak. (Str -2) [hidden defects]
 11098 | D:3      | Lost mutation: Your spells are harder to cast, but more
                  | powerful. [hidden defects]
 11098 | D:3      | Lost mutation: You have hidden genetic defects. [hidden
                  | defects expressed]
 11525 | D:3      | Found a basalt altar of Yredelemnul.
 11576 | D:4      | Reached skill level 4 in Stealth
 11576 | D:4      | Reached skill level 1 in Hexes
 11617 | D:4      | Found an opulent altar of Gozag.
 11750 | D:4      | XOM: 2-stop teleportation journey
 11768 | D:4      | Found an ornate altar of the Wu Jian Council.
 11979 | D:4      | XOM: summons 5 friendly demons
 11983 | D:4      | Reached XP level 6. HP: 42/42 MP: 6/6
 12038 | D:4      | XOM: scenery: summon butterflies
 12101 | D:4      | Noticed a black bear
 12105 | D:4      | Killed a black bear
 12106 | D:4      | Reached skill level 5 in Stealth
 12106 | D:4      | Reached skill level 1 in Spellcasting
 12111 | D:4      | Reached XP level 7. HP: 43/46 MP: 6/8
 12544 | D:5      | Entered Level 5 of the Dungeon
 12544 | D:5      | XOM: god gift: 2 lumpy grey potions {god gift}
 12552 | D:5      | Reached skill level 6 in Stealth
 12698 | D:5      | XOM: divination: detect items
 12752 | D:4      | XOM: give mutations
 12752 | D:4      | Lost mutation: Potions are less effective at restoring your
                  | health. [Xom's mischief]
 12752 | D:4      | Lost mutation: Your spells are a little harder to cast, but
                  | a little more powerful. [Xom's mischief]
 12752 | D:4      | Gained mutation: You are dopey. (Int -2) [Xom's mischief]
 13039 | D:5      | Reached skill level 7 in Stealth
 13282 | D:5      | XOM: noise
 13289 | D:5      | XOM: silly message
 13320 | D:5      | XOM: divination: detect creatures
 13326 | D:5      | Found a white marble altar of Elyvilon.
 13333 | D:5      | Reached skill level 5 in Short Blades
 13333 | D:5      | Reached XP level 8. HP: 30/54 MP: 11/11
 13334 | D:5      | XOM: noise
 13451 | D:5      | XOM: god gift: 39 gold pieces
 13639 | D:5      | XOM: silly message
 13709 | D:5      | XOM: cloud trail
 13736 | D:5      | Noticed Grinder
 13746 | D:5      | XOM: summons friendly crimson imp
 13749 | D:5      | XOM: silly message
 13770 | D:5      | XOM: polymorph crimson imp -> lemure
 13775 | D:5      | Killed Grinder
 13776 | D:5      | Reached skill level 8 in Stealth
 13914 | D:5      | XOM: smoke on damage
 13938 | D:5      | XOM: 4-stop teleportation journey
 14049 | D:5      | XOM: enchant monster (good)
 14081 | D:5      | XOM: enchant monster (bad)
 14219 | D:5      | Reached XP level 9. HP: 47/59 MP: 13/13
 14299 | D:5      | XOM: cast spell 'Summon Cactus Giant'
 14308 | D:5      | XOM: draining
 14317 | D:5      | XOM is BORED!
 14317 | D:5      | XOM: stat loss: -1 Int (10/11)
 14427 | D:5      | XOM: confuse monster(s)
 14580 | D:5      | XOM: give mutations
 14580 | D:5      | Gained mutation: You possess an exceptional clarity of
                  | mind. [Xom's grace]
 14580 | D:5      | Gained mutation: You are partially covered in iridescent
                  | scales. (AC +2) [Xom's grace]
 14580 | D:5      | Gained mutation: You expend magic power (3 MP) to
                  | strengthen your wands. [Xom's grace]
 14580 | D:5      | Gained mutation: One of your tentacles bears a spike.
                  | [Xom's grace]
 14765 | D:6      | Found a staircase to the Ecumenical Temple.
 14802 | D:6      | Noticed Blork the orc
 14809 | D:6      | Killed Blork the orc
 14810 | D:6      | Reached skill level 5 in Fighting
 14810 | D:6      | Reached skill level 5 in Dodging
 14876 | D:6      | Reached skill level 9 in Stealth
 14929 | D:6      | XOM: god gift: 40 gold pieces
 14947 | D:6      | Got Joaby's Folio of Familiar Venin
 15024 | D:6      | Found a hazy altar of Hepliaklqana.
 15038 | D:6      | XOM: cleaving
 15246 | D:6      | Noticed a kobold demonologist
 15252 | D:6      | Killed a kobold demonologist
 15265 | D:6      | XOM: 7-stop teleportation journey
 15292 | D:6      | Found a shadowy altar of Dithmenos.
 15387 | D:6      | XOM: 1-stop teleportation journey
 15686 | D:7      | XOM: stealth player
 15688 | D:7      | Reached skill level 10 in Stealth
 15688 | D:7      | Reached skill level 1 in Shields
 15688 | D:7      | Reached skill level 5 in Hexes
 15749 | D:7      | XOM: fake destruction
 15912 | D:7      | Reached XP level 10. HP: 66/66 MP: 15/15
 15919 | D:7      | XOM: divination: detect creatures
 16266 | D:7      | Found an iron altar of Okawaru.
 16294 | D:7      | Reached skill level 1 in Evocations
 16319 | D:7      | Found a bloodstained altar of Trog.
 16346 | D:7      | XOM: 1-stop teleportation journey
 16571 | D:7      | XOM: enchant monster (good)
 16578 | D:7      | Reached skill level 11 in Stealth
 16701 | D:8      | Reached skill level 1 in Shapeshifting
 16762 | D:8      | XOM: 2-stop teleportation journey
 16802 | D:8      | XOM: smoke on damage
 16808 | D:8      | XOM: blink monster(s)
 16848 | D:8      | Noticed Maggie
 16848 | D:8      | XOM: 4-stop teleportation journey
 16854 | D:8      | Killed Maggie
 17390 | D:9      | XOM: silly message
 17420 | D:9      | Found an ancient bone altar of Kikubaaqudgha.
 17472 | D:9      | XOM: 8-stop teleportation journey
 17492 | D:9      | Found a snail-covered altar of Cheibriados.
 17626 | D:9      | XOM: enchant monster (bad)
 18214 | D:9      | Identified a scroll of acquirement
 18215 | D:9      | Acquired the +1 hat of the Flute {Fly rN+ Will-}
 18247 | D:10     | Entered Level 10 of the Dungeon
 18252 | D:10     | Found a staircase to the Lair.
 18252 | D:10     | XOM: swap monsters
 18259 | D:10     | a komodo dragon changed into a cyclops
 18259 | D:10     | Noticed a cyclops
 18259 | D:10     | XOM: polymorph komodo dragon -> cyclops
 18260 | D:10     | XOM: smoke on damage
 18269 | D:10     | Slain by a komodo dragon

Illustrated notes

Levels and vault maps discovered:
D:1:      minmay_arrival_three_doors, layout_rooms, serial_shops, shop,
          wander_ebering_terrifying_dragon_lair
D:2:      layout_basic, nicolae_half_adder
D:3:      layout_loops_cross, lemuel_zombie_altar_yredelemnul,
          roderic_cross_of_infinity
D:4:      wad_woods_stonehenge, layout_loops_corners, grunt_gozag_statues
D:5:      layout_cave_pools, nicolae_elyvilon_temple_path, serial_gnoll_camp,
          gnoll_camp_mini_sergeant, gnoll_camp_mini_loothouse,
          gnoll_camp_mini_basic, gnoll_camp_huts_moat, gnoll_camp_mini_doghouse,
          uniq_grinder
D:6:      cheibrodos_helix_gallery, layout_cave_pods, mainiacjoe_overflow_paths,
          nicolae_dithmenos_through_a_glass_darkly,
          minmay_temple_entry_crystal_x, dreamdust_gnoll_farm,
          uniq_blork_the_orc
D:7:      layout_rooms, okawaru_humans, kennysheep_little_box,
          amcnicky_mini_corridor_feature
D:8:      layout_gridville, uniq_maggie
D:9:      layout_gridville, amcnicky_altar_gilded, kennysheep_slug_shrine
D:10:     layout_stronghold, xom_redecorated, mainiacjoe_overflow_alcove_4,
          david_lair_shrubbed, chequers_serial_rivers_small_b, dk_vineyard_3,
          kennysheep_generic_room_12, uniq_harold

Skill      XL: |  1  2  3  4  5  6  7  8  9 10 |
---------------+-------------------------------+-----
Dodging        | 3 4 5 6 |  6.0
Stealth        | 2 3 4 5 7 8 10 11 | 11.3
Short Blades   | 4 5 6 7 |  7.2
Hexes          | 1 2 3 5 |  5.8
Spellcasting   | 1 2 3 |  3.3
Fighting       | 4 5 |  5.6
Shields        | 1 |  1.9
Evocations     | 2 |  2.6
Shapeshifting  | 1 |  1.8

Action                     |  1- 3 |  4- 6 |  7- 9 | 10-12 || total
---------------------------+-------+-------+-------+-------++-------
  Melee: Short sword       |    74 |    81 |       |       ||   155
         Tentacles         |    15 |    17 |   100 |    34 ||   166
         Constrict         |    14 |    22 |    75 |    13 ||   124
         Punch             |     1 |       |     3 |       ||     4
         Dagger            |       |    13 |   279 |    85 ||   377
         Kick              |       |       |    37 |    42 ||    79
   Cast: Confusing Touch   |       |       |     3 |     1 ||     4
    Use: Scroll            |       |       |     8 |     2 ||    10
         Potion            |       |       |     1 |     1 ||     2
   Stab: Sleeping          |     3 |    24 |    18 |     5 ||    50
         Petrified         |       |       |     3 |       ||     3
         Distracted        |       |       |     2 |       ||     2
         Confused          |       |       |     2 |       ||     2
         Paralysed         |       |       |       |     1 ||     1
 Armour: Skin              |    34 |    22 |   136 |    38 ||   230
  Dodge: Dodged            |    51 |    34 |   194 |    41 ||   320
  Block: Buckler           |       |       |    12 |    15 ||    27
   Form: Beast             |       |       |       |     2 ||     2
                           |       |       |       |     1 ||     1

Table legend: (Time is in decaauts)
 A = Elapsed time spent in this place.
 B = Non-inter-level travel time spent in this place.
 C = Inter-level travel time spent in this place.
 D = Time resting spent in this place.
 E = Time spent auto-exploring this place.
 F = Levels seen in this place.
 G = Mean time per level.
                   A        B        C        D        E       F      G
               +--------+--------+--------+--------+--------+-----+--------+
         Total |  18149 |  17601 |    548 |   9977 |   6127 |  10 | 1814.9 |
       Dungeon |  18149 |  17601 |    548 |   9977 |   6127 |  10 | 1814.9 |
               +--------+--------+--------+--------+--------+-----+--------+

Top non-repeatable levels by time:
     D:1: 9687 daAuts
     D:5: 1791 daAuts
     D:4: 1307 daAuts
     D:2: 1188 daAuts
     D:6: 1103 daAuts
     D:9: 882 daAuts
     D:3: 758 daAuts
     D:7: 729 daAuts
     D:8: 683 daAuts
    D:10: 18 daAuts
